 Dungeon Crawl Stone Soup version 0.28.0-47-ge53b351184 (webtiles) character file.

Game seed: 6085092940083532810

123768 Bruhh the Thaumaturge (level 17, -5/127 HPs)
             Began as a Djinni Earth Elementalist on May 1, 2022.
             Was a High Priest of Jiyva.
             Killed from afar by Ilsuiw (14 damage)
             ... with a shard of ice
             ... on level 3 of the Shoals.
             The game lasted 01:40:08 (38935 turns).

Bruhh the Thaumaturge (Djinni Earth Elementalist)  Turns: 38935, Time: 01:40:08

Health: -5/127     AC: 11    Str:  7    XL:     17   Next: 46%
Gold:   442        EV: 11    Int: 32    God:    Jiyva [*****.] SH: 15 Dex: 25

rFire   + + +      SeeInvis +   h - +5 trident of Courage {flame, Contam rC+++ rCorr Stlth-}
rCold   + + +      Faith    +   P - +0 kite shield
rNeg    . . .      Spirit   .   l - +3 troll leather armour
rPois   ∞          Reflect  .   z - +0 helmet
rElec   .          Harm     .   R - scarf {rC+ rF+}
rCorr   +          Rampage  .   K - +0 pair of gloves {infuse}
Will    +....                   (boots unavailable)
Stlth   ++++......              Q - amulet of faith
HPRegen 2.55/turn               a - ring "Vybluekk" {rPois Int+6 Slay+2}
MPRegen 0.00/turn               i - ring of see invisible

@: flying, studying Unarmed Combat
A: sickness immunity, fire resistance 2, cold vulnerability 1, float, innate
caster, HP casting, extra vitality 1, thin skeletal structure 3, agile 2, clever
1, evolution 2, subdued magic 1
a: Renounce Religion, Oozemancy, Slimify


You were on level 3 of the Shoals.
You worshipped Jiyva.
Jiyva was extremely pleased with you.
You visited 7 branches of the dungeon, and saw 26 of its levels.

You collected 1689 gold pieces.
You spent 1247 gold pieces at shops.

Inventory:

Hand Weapons
 h - the +5 trident of Courage (weapon) {flame, Contam rC+++ rCorr Stlth-}
   (You bought it in a shop on level 2 of the Shoals)

   It burns those it strikes, dealing additional fire damage.
   rC:        It renders you almost immune to cold.
   Contam:    It causes magical contamination when unequipped.
   rCorr:     It protects you from acid and corrosion.
   Stlth:     It makes you less stealthy.
 q - a +3 dagger of venom
Missiles
 c - 707 stones
 o - 45 poisoned darts
 H - 9 curare-tipped darts
 N - 2 throwing nets
Armour
 f - a +0 tower shield
 l - a +3 troll leather armour (worn)
 z - a +0 helmet (worn)
 K - a +0 pair of gloves of infusion (worn)
 P - a +0 kite shield (worn)
 R - a scarf of resistance (worn)
Jewellery
 a - the ring "Vybluekk" (left hand) {rPois Int+6 Slay+2}
   (You acquired it on level 10 of the Dungeon)

   [ring of intelligence]

   Int:       It affects your intelligence (+6).
   Slay:      It affects your accuracy & damage with ranged weapons and melee
   (+2).
   rPois:     It protects you from poison.
 i - a ring of see invisible (right hand)
 B - an amulet of reflection
 Q - an amulet of faith (around neck)
 U - a ring of willpower
 X - a ring of resist corrosion
Wands
 t - a wand of digging (11)
 x - a wand of flame (25)
 y - a wand of paralysis (6)
 A - a wand of iceblast (16)
 G - a wand of acid (5)
 T - a wand of polymorph (5)
Scrolls
 g - 2 scrolls of noise
 k - 5 scrolls of identify
 n - 2 scrolls of holy word
 p - 4 scrolls of amnesia
 s - 2 scrolls of vulnerability
 w - 3 scrolls of immolation
 C - 2 scrolls of silence
 J - 3 scrolls of enchant weapon
 M - a scroll of torment {unknown}
 Y - a scroll of brand weapon {unknown}
Potions
 e - 4 potions of invisibility
 j - 2 potions of might
 m - 2 potions of lignification
 u - 6 potions of magic
 v - a potion of cancellation
 S - 2 potions of brilliance {unknown}
 V - a potion of ambrosia


   Skills:
 + Level 13.2 Fighting
 - Level 10.0 Armour
 - Level 2.1 Dodging
 - Level 1.5 Stealth
 + Level 13.2 Shields
 - Level 13.5 Spellcasting
 - Level 11.6 Invocations
 - Level 8.0 Evocations


You had 2 spell levels left.
You knew the following spells:

 Your Spells              Type           Power      Damage    Failure   Level
a - Sandblast             Erth           100%       2d20      0%          1
b - Passwall              Tmut/Erth      58%        N/A       0%          2
c - Stone Arrow           Conj/Erth      100%       3d13      1%          3
d - Petrify               Tmut/Erth      70%        N/A       1%          4
e - Slow                  Hex            100%       N/A       0%          1
f - Wereblood             Tmut           70%        N/A       0%          2
g - Ensorcelled Hibernat  Hex/Ice        100%       N/A       0%          2
h - Anguish               Hex/Necr       35%        N/A       1%          4
i - Agony                 Necr           70%        N/A       1%          5
j - Summon Mana Viper     Hex/Summ       70%        N/A       1%          5
k - Eringya's Noxious Bo  Tmut/Pois      35%        N/A       2%          6
l - Iron Shot             Conj/Erth      35%        9d7       2%          6
Your spell library was empty.

Dungeon Overview and Level Annotations

Branches:
Dungeon (11/15)            Temple (1/1) D:6            Lair (6/6) D:11
 Shoals (3/4) Lair:4       Spider (0/4) Lair:3        Slime (1/5) Lair:6
    Orc (2/2) D:9             Elf (2/3) Orc:2

Altars:
Cheibriados
Dithmenos
Elyvilon
Fedhas
Gozag
Hepliaklqana
Kikubaaqudgha
Makhleb
Nemelex Xobeh
Okawaru
Qazlal
Ru
Sif Muna
Trog
Uskayaw
Vehumet
Wu Jian
Xom
Yredelemnul
Zin
The Shining One
Jiyva

Shops:
Orc:2 [*!:   Elf:1 [   Shoals:2 (   Shoals:3 **

Annotations:
D:5 1 runed translucent door, Doot's ghost, novice DDEE
Lair:1 2 transporters, Kautumes's ghost, journeyman GrBe
Lair:3 3 runed translucent doors, Oluanan's ghost, journeyman DsFi
Shoals:3 Ilsuiw
Orc:2 1 transporter, Jerry's ghost, journeyman TrBe


Innate Abilities, Weirdness & Mutations

You are immune to sickness and miasma.
You are immune to poison.
Your flesh is very heat resistant. (rF++)
You are vulnerable to cold. (rC-)
You float through the air rather than walking.
You learn spells naturally, not from books.
Your magical power is your life essence.
You have superior vitality. (+4 MHP)
You have an unnaturally thin skeletal structure. (Dex +6, Stealth+++)
You are very agile. (Dex +4)
Your mind is acute. (Int +2)
You have great hidden genetic potential.
Your spells are a little easier to cast, but a little less powerful.


Message History

The iron shot hits the merfolk impaler!!!
The merfolk impaler is almost dead.
You block the merfolk impaler's attack.
Ilsuiw hits you from afar with a +2 trident of freezing!
You block the merfolk impaler's attack.
You are too injured to fight recklessly!
Casting: Iron Shot (dangerous; 2% risk of failure)
Confirm with . or Enter, or press ? or * to list all spells.
Aiming: Iron Shot (dangerous; 2% risk of failure)
Press: ? - help, Shift-Dir - straight line, f/p - merfolk impaler
Aim: a merfolk impaler, wielding a +1 trident of flaming and wearing a +0 leather armour (almost dead, anguished, 48% to hit)
The iron shot hits the merfolk impaler!!!
You kill the merfolk impaler!
You hear a splash. x2
Ilsuiw gestures at you while chanting. The shard of ice hits you!!
You partially resist.
* * * LOW HITPOINT WARNING * * *
Okay, then.
Casting: Iron Shot (dangerous; 2% risk of failure)
Confirm with . or Enter, or press ? or * to list all spells.
Okay, then.
Okay, then.
The merfolk javelineer throws a silver javelin.
The silver javelin pierces through you!!
* * * LOW HITPOINT WARNING * * *
The silver sears you!
* * * LOW HITPOINT WARNING * * *
The merfolk javelineer is wracked by anguish!!
Unknown command.
Okay, then.
As you read the scroll of fear, it crumbles to dust.
You assume a fearsome visage.
Ilsuiw easily resists.
The merfolk javelineer looks frightened!
Ilsuiw whispers, "Come on in, the water's fine."
Ilsuiw hits you but does no damage. You block Ilsuiw's attack.
You fail to use your ability.
Ilsuiw gestures at you while chanting. The shard of ice hits you!
You partially resist.
You die...

..###.≈≈≈≈≈≈≈≈≈≈≈≈≈≈≈≈≈≈≈....###.
....≈≈≈≈≈≈≈≈≈≈≈≈≈≈≈≈#≈≈≈≈≈≈≈....>
#.≈≈≈≈≈≈≈≈≈≈≈≈≈≈≈≈≈≈≈≈≈≈≈≈≈≈≈....
##.m≈≈≈≈≈≈≈≈≈≈≈≈≈≈≈≈≈≈≈.≈≈≈≈≈....
.m≈≈≈≈≈≈≈≈≈≈≈≈≈≈≈≈≈≈≈≈...≈≈≈..≈≈≈
≈≈≈≈≈≈≈≈≈≈≈≈≈≈≈≈≈≈≈≈≈≈..≈≈≈≈.≈≈≈≈
≈≈≈≈≈≈≈≈≈≈≈≈≈≈≈≈≈≈≈≈≈≈≈≈≈≈≈≈≈≈≈≈≈
≈≈≈≈≈≈≈≈≈≈≈≈)≈≈≈≈≈≈≈≈≈≈≈≈≈≈≈≈≈≈≈≈
≈≈≈≈≈≈≈≈≈≈≈≈≈≈m≈@≈≈≈≈≈≈≈≈≈≈≈≈≈≈≈≈
≈≈≈≈≈≈≈≈≈≈≈≈≈≈≈≈≈≈≈≈≈≈≈≈≈≈≈≈≈≈≈≈≈
≈≈≈≈≈≈≈≈≈≈≈≈≈≈≈≈≈≈≈≈≈≈≈≈≈≈≈≈≈≈≈≈≈
≈≈≈≈≈≈≈≈≈≈≈≈≈≈≈≈≈≈≈≈≈≈≈≈≈≈≈≈≈≈≈≈≈
≈≈≈≈≈≈≈≈≈≈≈≈≈≈≈≈≈≈≈≈≈≈≈≈≈≈≈≈≈≈≈≈≈
≈≈≈≈≈≈≈≈≈≈≈≈≈≈≈≈≈≈≈≈≈≈≈≈≈≈≈≈≈≈≈≈≈
≈≈≈≈≈≈≈≈≈≈≈≈≈≈≈≈≈≈≈≈≈≈≈≈≈≈≈≈≈≈≈≈≈
≈≈≈≈≈≈≈≈≈≈≈≈≈≈≈≈≈≈≈≈≈≈≈≈≈≈≈≈≈≈≈≈≈
≈≈≈≈≈≈≈≈≈≈≈≈≈≈≈≈≈≈≈≈≈≈≈≈≈≈≈≈≈≈≈≈≈


You could see Ilsuiw.

Vanquished Creatures
  2 sphinxes (Elf:1)
  Kirke (Lair:6)
  Louise (Shoals:1)
  A dire elephant (Lair:6)
  A deep elf annihilator (Elf:1)
  2 merfolk javelineers (Shoals:3)
  A spectral kraken (Shoals:2)
  3 merfolk impalers
  7 hydras
  2 boulder beetles
  2 ogre magi (Orc:2)
  An alligator snapping turtle (Shoals:3)
  3 ghost crabs (Shoals:2)
  2 satyrs (Shoals:3)
  4 catoblepae
  7 two-headed ogres (Orc:2)
  9 death yaks (Lair:6)
  A deep elf knight (Elf:1)
  9 sea snakes
  2 deep trolls (Orc:2)
  A spectral merfolk (Shoals:2)
  Pikel (D:5)
  A lindwurm (Lair:6)
  A deep elf archer (Elf:1)
  8 wizards (D:11)
  5 deep elf zephyrmancers (Elf:1)
  12 deep elf pyromancers
  A wolf spider (Lair:3)
  6 harpies
  An oklob plant (Lair:3)
  16 fauns
  An orc sorcerer (D:9)
  22 manticores
  6 cyclopes
  9 water nymphs
  3 black mambas
  4 merfolk sirens
  A spectral sea snake (Shoals:2)
  11 cane toads
  A gargoyle (D:8)
  A kobold demonologist (D:8)
  8 komodo dragons
  5 rime drakes
  An efreet (D:11)
  12 merfolk
  6 trolls
  A wind drake (Shoals:3)
  A hornet (D:8)
  2 polar bears
  Grinder (D:6)
  10 dream sheep
  19 blink frogs
  5 snapping turtles
  A jumping spider (Lair:3)
  4 water elementals (Shoals:1)
  A spectral wind drake (Shoals:2)
  72 yaks
  3 basilisks
  4 wyverns
  Eustachio (D:5)
  A fire elemental (Elf:1)
  A hog (Lair:6)
  3 vampire mosquitoes
  2 steam dragons (Lair:3)
  A redback (Lair:3)
  A wraith (D:9)
  2 wargs
  Edmund (D:4)
  An acid dragon (D:8)
  A hell hound (Elf:1)
  Duvessa (D:5)
  10 water moccasins
  11 orc warriors
  An ice beast (D:6)
  2 black bears
  16 ogres
  19 wolves
  A phantom (D:4)
  7 centaurs
  4 kobold brigands
  A lemure (D:5)
  15 bullfrogs
  A wyvern zombie (D:4)
  2 gnoll sergeants
  An earth elemental (Elf:1)
  2 water moccasin zombies
  A scorpion (D:4)
  2 water moccasin skeletons
  Dowan (D:5)
  An electric eel (Lair:1)
  23 wights
  5 howler monkeys
  2 centaur zombies
  3 jellies
  A centaur skeleton (D:7)
  Crazy Yiuf (D:4)
  A bullfrog skeleton (D:5)
  13 orc priests
  A gnoll shaman (D:6)
  Jessica (D:3)
  3 iguanas
  14 orc wizards
  4 hell rats (Lair:3)
  A killer bee zombie (D:7)
  A hound zombie (D:5)
  Robin (D:3)
  2 howler monkey zombies
  13 gnolls
  5 adders
  A river rat (D:4)
  A white imp (D:8)
  An ufetubus (D:6)
  An adder skeleton (D:4)
  3 worms
  3 dart slugs
  39 orcs
  7 endoplasms
  3 giant cockroaches
  14 goblins
  12 hobgoblins
  3 jackals (D:3)
  3 quokkas
  7 ball pythons
  6 bats
  6 frilled lizards
  28 kobolds
  10 rats
  3 tentacles (Shoals:2)
689 creatures vanquished.

Vanquished Creatures (collateral kills)
  A sphinx (Elf:1)
  A spectral kraken (Shoals:2)
  A boulder beetle (Lair:5)
  A two-headed ogre (Orc:2)
  An orc high priest (Elf:1)
  2 deep elf archers (Elf:1)
  A faun (Shoals:1)
  2 trolls (Orc:2)
  4 yaks
  An orc warrior (Elf:1)
  A wolf (Lair:2)
  An ogre (Orc:2)
  An orc wizard (Elf:1)
  An orc (Elf:1)
19 creatures vanquished.

Vanquished Creatures (others)
  A hell beast (Elf:1)
  A deep elf pyromancer (Elf:1)
  A deep elf zephyrmancer (Elf:1)
  A wizard (D:11)
  A faun (Shoals:1)
  A slime creature (Shoals:1)
  A slime creature (shapeshifter) (Elf:1)
  4 dream sheep
  2 humans (Lair:6)
  A hell hound (Elf:1)
  An ogre (Orc:2)
  72 jellies
  2 orc wizards (Orc:2)
  4 orcs
  20 bushes (Elf:1)
  58 fungi
  201 plants
  29 tentacles (Shoals:2)
  10 withered plants
411 creatures vanquished.

Grand Total: 1119 creatures vanquished

Notes
Turn   | Place    | Note
-------+----------+-------------------------------------------
     0 | D:1      | Bruhh the Djinni Earth Elementalist began the quest for the
                  | Orb.
     0 | D:1      | Reached XP level 1. HP: 15/15 MP: 0/0
   327 | D:1      | Reached XP level 2. HP: 20/21 MP: 0/0
  1062 | D:1      | Reached XP level 3. HP: 24/25 MP: 0/0
  1062 | D:1      | Learned a level 1 spell: Slow
  1935 | D:2      | Found a faded altar of an unknown god.
  2069 | D:2      | Reached XP level 4. HP: 27/31 MP: 0/0
  2487 | D:2      | Noticed a black bear
  2492 | D:2      | Killed a black bear
  2493 | D:2      | Reached XP level 5. HP: 26/35 MP: 0/0
  2493 | D:2      | Learned a level 2 spell: Wereblood
  2790 | D:3      | Noticed Jessica
  2793 | D:3      | Killed Jessica
  2962 | D:3      | Reached XP level 6. HP: 39/40 MP: 0/0
  2973 | D:3      | Noticed Robin
  2991 | D:3      | Killed Robin
  3003 | D:3      | Reached skill level 5 in Spellcasting
  4048 | D:4      | Noticed Edmund
  4053 | D:4      | Reached XP level 7. HP: 32/45 MP: 0/0
  4053 | D:4      | Learned a level 2 spell: Ensorcelled Hibernation
  4060 | D:4      | Killed Edmund
  5202 | D:4      | Found a runed translucent door.
  5203 | D:4      | Noticed Crazy Yiuf
  5296 | D:4      | Killed Crazy Yiuf
  5475 | D:5      | Entered Level 5 of the Dungeon
  5805 | D:5      | Noticed Pikel
  5852 | D:5      | Killed Pikel
  5853 | D:5      | Reached XP level 8. HP: 13/50 MP: 0/0
  6115 | D:5      | Noticed Eustachio
  6118 | D:5      | Killed Eustachio
  6139 | D:5      | Found a runed translucent door.
  6139 | D:5      | Noticed Doot's ghost (novice DDEE)
  6389 | D:5      | Noticed Duvessa
  6392 | D:5      | Noticed Dowan
  6393 | D:5      | Killed Duvessa
  6394 | D:5      | Reached XP level 9. HP: 56/62 MP: 0/0
  6394 | D:5      | Learned a level 4 spell: Anguish
  6395 | D:5      | Killed Dowan
  6913 | D:5      | Reached skill level 5 in Fighting
  7840 | D:6      | Noticed Grinder
  7844 | D:6      | Paralysed by Grinder for 6 turns
  7851 | D:6      | Killed Grinder
  8289 | D:6      | Found a staircase to the Ecumenical Temple.
  8693 | D:6      | Reached XP level 10. HP: 40/77 MP: 0/0
  9020 | Temple   | Entered the Ecumenical Temple
  9183 | Temple   | Became a worshipper of Elyvilon the Healer
  9891 | D:7      | Reached skill level 10 in Fighting
  9997 | D:7      | Reached skill level 1 in Invocations
 10204 | D:7      | Found a burning altar of Makhleb.
 11094 | D:8      | Reached * piety under Elyvilon
 11322 | D:8      | Noticed a gargoyle
 11324 | D:8      | Killed a gargoyle
 11325 | D:8      | Reached skill level 5 in Invocations
 11819 | D:8      | Reached XP level 11. HP: 68/85 MP: 0/0
 11819 | D:8      | Learned a level 5 spell: Agony
 13826 | D:9      | Found a staircase to the Orcish Mines.
 13917 | D:9      | Reached ** piety under Elyvilon
 14188 | D:9      | Noticed an orc sorcerer
 14208 | D:9      | Killed an orc sorcerer
 14209 | D:9      | Reached skill level 10 in Invocations
 14548 | D:10     | Entered Level 10 of the Dungeon
 14606 | D:10     | Reached skill level 1 in Armour
 15464 | D:10     | Reached *** piety under Elyvilon
 16134 | D:11     | Noticed a manticore
 16327 | D:11     | Killed a manticore
 16492 | D:10     | Identified a scroll of acquirement
 16497 | D:10     | Acquired the ring "Vybluekk" {rPois Int+6 Slay+2}
 16507 | D:10     | Gained mutation: You have a somewhat thin skeletal
                  | structure. (Dex +2, Stealth+) [potion of mutation]
 16507 | D:10     | Gained mutation: Your muscles are strong. (Str +2) [potion
                  | of mutation]
 16507 | D:10     | Gained mutation: You possess an exceptional clarity of
                  | mind. [potion of mutation]
 16507 | D:10     | Gained mutation: You have a pair of small horns on your
                  | head. [potion of mutation]
 16567 | D:11     | Reached skill level 1 in Shields
 16574 | D:11     | Noticed a cyclops
 16582 | D:11     | Killed a cyclops
 16583 | D:11     | Reached XP level 12. HP: 35/91 MP: 0/0
 16916 | D:11     | Reached **** piety under Elyvilon
 17064 | D:11     | Reached skill level 5 in Armour
 17225 | Orc:1    | Entered Level 1 of the Orcish Mines
 17713 | D:11     | Found a staircase to the Lair.
 17938 | D:11     | Noticed an eight-headed hydra
 17942 | D:11     | Killed an eight-headed hydra
 17943 | D:11     | Reached skill level 5 in Shields
 18140 | D:11     | Noticed a boulder beetle
 18149 | D:11     | Killed a boulder beetle
 18521 | D:11     | Found the +3 warlock's mirror {reflect}
 19108 | Lair:1   | Entered Level 1 of the Lair of Beasts
 19129 | Lair:1   | Reached XP level 13. HP: 43/96 MP: 0/0
 19129 | Lair:1   | Learned a level 5 spell: Summon Mana Viper
 19388 | Lair:1   | Noticed a six-headed hydra
 19395 | Lair:1   | Found a transporter.
 19398 | Lair:1   | Noticed Kautumes's ghost (journeyman GrBe)
 19415 | Lair:1   | Found a transporter.
 19703 | Lair:1   | Noticed a boulder beetle
 19712 | Lair:1   | Killed a boulder beetle
 19859 | Lair:1   | Reached ***** piety under Elyvilon
 21690 | Lair:2   | Noticed a seven-headed hydra
 21695 | Lair:2   | Killed a seven-headed hydra
 22189 | Lair:2   | Reached skill level 10 in Armour
 22682 | Lair:3   | Reached skill level 1 in Evocations
 23176 | Lair:3   | Found a hole to the Spider Nest.
 23449 | Lair:3   | Noticed a five-headed hydra
 23454 | Lair:3   | Killed a five-headed hydra
 23455 | Lair:3   | Reached skill level 10 in Shields
 23649 | Lair:3   | Noticed Oluanan's ghost (journeyman DsFi)
 23653 | Lair:3   | Noticed a catoblepas
 23654 | Lair:3   | Noticed a minotaur
 23706 | Lair:3   | Found a shadowy altar of Dithmenos.
 24279 | Lair:3   | Noticed a catoblepas
 24289 | Lair:3   | Killed a catoblepas
 24481 | Lair:3   | Found a runed translucent gate.
 24481 | Lair:3   | Found a runed translucent gate.
 24481 | Lair:3   | Found a runed translucent gate.
 25686 | Lair:4   | Reached skill level 5 in Evocations
 25688 | Lair:4   | Reached XP level 14. HP: 92/103 MP: 0/0
 27181 | Lair:4   | Found a staircase to the Shoals.
 28616 | Lair:6   | Entered Level 6 of the Lair of Beasts
 28906 | Lair:6   | Noticed a dire elephant
 28911 | Lair:6   | Reached skill level 10 in Spellcasting
 28964 | Lair:6   | Killed a dire elephant
 29733 | Lair:6   | Noticed Kirke
 29740 | Lair:6   | Killed Kirke
 30162 | Lair:6   | Found a staircase to the Slime Pits.
 30163 | Lair:6   | Found a viscous altar of Jiyva.
 30574 | Lair:6   | Reached XP level 15. HP: 88/109 MP: 0/0
 30574 | Lair:6   | Learned a level 6 spell: Eringya's Noxious Bog
 31215 | Slime:1  | Entered Level 1 of the Pits of Slime
 31219 | Lair:6   | Fell from the grace of Elyvilon
 31219 | Lair:6   | Became a worshipper of Jiyva Jationuo the Shapeless
 32659 | Orc:2    | Entered Level 2 of the Orcish Mines
 32680 | Orc:2    | Reached * piety under Jiyva
 32763 | Orc:2    | Found a staircase to the Elven Halls.
 32798 | Orc:2    | Found a transporter.
 32813 | Orc:2    | Found Tohoss's Distillery.
 32838 | Orc:2    | HP: 2/109 [troll (8)]
 32986 | Orc:2    | Found Ymenowuus's Armour Shop.
 33036 | Orc:2    | Bought a potion of mutation for 104 gold pieces
 33036 | Orc:2    | Bought a potion of heal wounds for 65 gold pieces
 33038 | Orc:2    | Found Ugay's Book Emporium.
 33040 | Orc:2    | Found Acentan's Assorted Antiques.
 33318 | Orc:2    | Noticed Jerry's ghost (journeyman TrBe)
 33320 | Orc:2    | Identified the +5 giant club of Disembowelment {holy,
                  | *Noise Dex+5 Stlth+}
 33320 | Orc:2    | Identified the +5 giant club of Tulom {protect, rF+}
 33476 | Elf:1    | Entered Level 1 of the Elven Halls
 33664 | Elf:1    | Reached ** piety under Jiyva
 34158 | Orc:2    | Lost mutation: Your muscles are strong. (Str +2) [potion of
                  | mutation]
 34158 | Orc:2    | Lost mutation: You possess an exceptional clarity of mind.
                  | [potion of mutation]
 34158 | Orc:2    | Gained mutation: Your body sometimes deteriorates upon
                  | taking damage. [potion of mutation]
 34158 | Orc:2    | Gained mutation: Your movements are slightly less
                  | encumbered by armour. (ER -2) [potion of mutation]
 34159 | Orc:2    | Lost mutation: Your body sometimes deteriorates upon taking
                  | damage. [potion of mutation]
 34159 | Orc:2    | Lost mutation: Your movements are slightly less encumbered
                  | by armour. (ER -2) [potion of mutation]
 34159 | Orc:2    | Gained mutation: Your spells are a little easier to cast,
                  | but a little less powerful. [potion of mutation]
 34159 | Orc:2    | Gained mutation: You are partially covered in iridescent
                  | scales. (AC +2) [potion of mutation]
 34160 | Orc:2    | Lost mutation: You have a somewhat thin skeletal structure.
                  | (Dex +2, Stealth+) [potion of mutation]
 34160 | Orc:2    | Lost mutation: You are partially covered in iridescent
                  | scales. (AC +2) [potion of mutation]
 34160 | Orc:2    | Lost mutation: You have a pair of small horns on your head.
                  | [potion of mutation]
 34160 | Orc:2    | Gained mutation: Your mind is acute. (Int +2) [potion of
                  | mutation]
 34226 | Elf:1    | Found Zeiffats's Armour Boutique.
 34245 | Elf:1    | Reached XP level 16. HP: 113/115 MP: 0/0
 34435 | Elf:1    | Noticed a sphinx
 34445 | Elf:1    | Killed a sphinx
 34474 | Elf:1    | Noticed a sphinx
 34495 | Elf:1    | Noticed a sphinx
 34504 | Elf:1    | Killed a sphinx
 34732 | Elf:1    | Killed a sphinx
 35170 | Shoals:1 | Entered Level 1 of the Shoals
 35170 | Shoals:1 | Reached *** piety under Jiyva
 35252 | Shoals:1 | Gained mutation: You have a somewhat thin skeletal
                  | structure. (Dex +2, Stealth+) [Jiyva's grace]
 35252 | Shoals:1 | Gained mutation: You have a moderately thin skeletal
                  | structure. (Dex +4, Stealth++) [Jiyva's grace]
 35252 | Shoals:1 | Gained mutation: You have an unnaturally thin skeletal
                  | structure. (Dex +6, Stealth+++) [Jiyva's grace]
 35252 | Shoals:1 | Gained mutation: You are agile. (Dex +2) [Jiyva's grace]
 35411 | Shoals:1 | HP: 1/118 [faun/stone (21)]
 35646 | Shoals:1 | Noticed Louise
 35672 | Shoals:1 | Killed Louise
 35751 | Shoals:1 | Reached **** piety under Jiyva
 35774 | Shoals:1 | HP: 1/120 [merfolk/+0 spear (18)]
 36896 | Shoals:2 | Reached XP level 17. HP: 93/125 MP: 0/0
 36896 | Shoals:2 | Learned a level 6 spell: Iron Shot
 36988 | Shoals:2 | Found Kegubo Sein's Weapon Shoppe.
 36996 | Shoals:2 | Bought the +5 trident of Courage {flame, Contam rC+++ rCorr
                  | Stlth-} for 1078 gold pieces
 37669 | Shoals:3 | Lost mutation: You are agile. (Dex +2) [Jiyva's grace]
 37669 | Shoals:3 | Gained mutation: You have hidden genetic potential.
                  | [Jiyva's grace]
 37669 | Shoals:3 | Gained mutation: You have great hidden genetic potential.
                  | [Jiyva's grace]
 37669 | Shoals:3 | Gained mutation: You are agile. (Dex +2) [Jiyva's grace]
 37669 | Shoals:3 | Gained mutation: You are very agile. (Dex +4) [Jiyva's
                  | grace]
 37742 | Shoals:3 | Reached ***** piety under Jiyva
 38342 | Shoals:3 | Found Zuarig's General Store.
 38346 | Shoals:3 | Found Akoegraa's Specific Store.
 38394 | Shoals:3 | Noticed Ilsuiw
 38932 | Shoals:3 | HP: 1/127 [merfolk javelineer/silver javelin (8)]
 38935 | Shoals:3 | Killed from afar by Ilsuiw

Illustrated notes

Levels and vault maps discovered:
D:1:      dpeg_arrival_rooms_a, layout_basic, st_stairs_7, serial_bayou_pond_c,
          minmay_tree_intersection
D:2:      layout_basic, chequers_ecumenical_altar_lobes, kennysheep_nondescript,
          minmay_misc_feat_plants
D:3:      layout_loops_ring, uniq_robin, uniq_jessica
D:4:      layout_basic, gup_sewer_entry_spiral, uniq_edmund,
          uniq_crazy_yiuf_cottage
D:5:      layout_basic, gammafunk_ghost_grave, uniq_eustachio, uniq_duvessa,
          uniq_pikel
D:6:      layout_loops_ring, minmay_temple_entry_proselytizer,
          minmay_stone_trees_small, uniq_grinder
D:7:      layout_basic, lemuel_coloured_pillars_altar, minmay_crystal_room
D:8:      minmay_quarter_circles, layout_basic, minmay_misc_feat_diagonals,
          minmay_manual_mess
D:9:      cheibrodos_wizards_tower, layout_irregular_city, orc_0_dummy
D:10:     layout_irregular_city
D:11:     minmay_smoke_and_mirrors, layout_irregular_city, david_lair_shrubbed
Temple:   mainiacjoe_temple_hex_bubbles
Lair:1:   layout_cave_pods, gammafunk_ghost_berserking_beasts,
          nzn_sisyphean_effort, serial_bayou_shore_a
Lair:2:   layout_cave_pods, grunt_megastairs_2
Lair:3:   layout_small_grid, spider_nest_entry_funnel_web,
          maelrawn_ghost_gauntlet_escape, lemuel_oklob_altar,
          infiniplex_staircase_pool_2, serial_bayou_shore_b,
          serial_bayou_shore_b
Lair:4:   layout_loops_ring, elwin_shoals_entry_rooms
Lair:5:   layout_misc_corridors
Lair:6:   evilmike_catoblepas_cave, layout_loops_ring, slime_altar_1,
          gauntlet_entry_generic, minivault_25, patterned_corridor, uniq_kirke
Shoals:1: layout_shoals, uniq_louise
Shoals:2: layout_shoals, serial_shops, shop, nicolae_shoals_spectral_cove
Shoals:3: layout_shoals, nicolae_specific_store, uniq_ilsuiw
Slime:1:  layout_caves
Orc:1:    nicolae_orc_accident_3, layout_diamond_mine,
          portal_ice_cave_entry_pillars_1, nicolae_shop_self_help
Orc:2:    st_orc_open, layout_caves, gammafunk_ghost_smash
Elf:1:    eino_elf_arrival_altar, layout_geoelf_octagon, serial_shops, shop,
          special_room [special_room_mythical_zoo], minmay_elf_annihilation
Elf:2:    nicolae_elf_blades_crystal_corner, layout_loops_corners, serial_shops,
          nicolae_square_shop

Skill      XL: |  1  2  3  4  5  6  7  8  9 10 11 12 13 14 15 16 17 |
---------------+----------------------------------------------------+-----
Spellcasting   | 3 4 5 7 8 10 12 13 | 13.5
Fighting       | 3 8 10 12 13 | 13.2
Invocations    | 6 10 11 | 11.6
Armour         | 4 8 10 | 10.0
Shields        | 2 7 10 11 13 | 13.2
Evocations     | 5 8 |  8.0
Dodging        | |  2.1
Stealth        | |  1.5

Action                   |  1- 3 |  4- 6 |  7- 9 | 10-12 | 13-15 | 16-18 || total
-------------------------+-------+-------+-------+-------+-------+-------++-------
Melee: Dagger            |    17 |       |       |     6 |    16 |    17 ||    56
       Headbutt          |       |       |       |       |     9 |       ||     9
       Trident           |       |       |       |       |       |     1 ||     1
 Cast: Sandblast         |    45 |    35 |       |       |       |     7 ||    87
       Stone Arrow       |       |    19 |   118 |   348 |   640 |   302 ||  1427
       Slow              |       |       |     5 |       |       |     1 ||     6
       Petrify           |       |       |     3 |     1 |     1 |       ||     5
       Ensorcelled Hiber |       |       |     1 |     1 |     1 |       ||     3
       Summon Mana Viper |       |       |       |       |    13 |     6 ||    19
       Eringya's Noxious |       |       |       |       |     5 |     1 ||     6
       Anguish           |       |       |       |       |     2 |     7 ||     9
       Agony             |       |       |       |       |       |     2 ||     2
       Iron Shot         |       |       |       |       |       |   113 ||   113
Invok: Heal Self         |       |       |       |     1 |    26 |       ||    27
       Divine Vigour     |       |       |       |       |     2 |       ||     2
       Slimify           |       |       |       |       |       |     1 ||     1
Evoke: Wand              |       |       |       |     1 |     4 |     7 ||    12
  Use: Scroll            |       |       |       |     8 |    16 |     7 ||    31
       Potion            |       |       |       |     8 |     8 |     3 ||    19
 Stab: Sleeping          |     1 |       |       |       |       |       ||     1
Armor: Robe              |     8 |     2 |     3 |     3 |       |       ||    16
       Acid dragon scale |       |       |       |    38 |    81 |       ||   119
       Troll leather arm |       |       |       |       |     2 |    71 ||    73
       Skin              |       |       |       |       |     1 |       ||     1
Dodge: Dodged            |    10 |     9 |    13 |    68 |   129 |   135 ||   364
Block: Other             |       |       |       |    30 |       |       ||    30
       Reflection        |       |       |       |     8 |     4 |       ||    12
       Kite shield       |       |       |       |    29 |   363 |   247 ||   639
